 Dungeon Crawl Stone Soup version 0.30-a0-782-ge64f9170bb (webtiles) character file.

Game seed: 12153593320578103346

1666 Leeroy the Transmogrifier (level 9, -4/53 HPs)
             Began as an Octopode Transmuter on Feb 22, 2023.
             Slain by an orc warrior
             ... wielding a +0 dire flail
              (7 damage)
             ... on level 7 of the Dungeon.
             The game lasted 00:08:14 (6240 turns).

Leeroy the Transmogrifier (Octopode Transmuter)     Turns: 6240, Time: 00:08:15

Health: -4/53      AC: 10    Str: 10    XL:     9   Next: 1%
Magic:  5/12       EV: 20    Int: 19    God:
Gold:   289        SH:  0    Dex: 23    Spells: 4/12 levels left

rFire   . . .      SeeInvis .      - Unarmed
rCold   + . .      Faith    .    (shield currently unavailable)
rNeg    . . .      Spirit   .    (helmet currently unavailable)
rPois   x          Reflect  .    (no amulet)
rElec   .          Harm     .    o - +4 ring of protection
rCorr   .          Rampage  .    e - +6 ring of dexterity
Will    .....                    w - ring of protection from cold
Stlth   ++                       y - +4 ring of protection
HPRegen 0.28/turn                (no ring)
MPRegen 0.13/turn                (no ring)
                                 (no ring)
                                 (no ring)

@: spider-form, very slightly contaminated
A: venomous fangs, almost no armour, (amphibious), 8 rings, tiny, (camouflage
1), (gelatinous body 1), (nimble swimmer 1), (tentacles)
a: End Transformation


You were on level 7 of the Dungeon.
You were a venomous arachnid creature.
You visited 1 branch of the dungeon, and saw 7 of its levels.

You collected 289 gold pieces.

Inventory:

Hand Weapons
 l - a +1 dagger of flaming
Missiles
 k - 13 poisoned darts
 m - a throwing net
Jewellery
 e - a +6 ring of dexterity (right front pincers)
 o - a +4 ring of protection (left front pincers)
 w - a ring of protection from cold (on tentacle)
 y - a +4 ring of protection (on tentacle)
Wands
 q - a wand of flame (9)
 A - a wand of mindburst (6)
Scrolls
 b - 2 scrolls of amnesia {unknown}
 c - 3 scrolls of poison {unknown}
 f - a scroll of enchant weapon {unknown}
 g - a scroll of immolation {unknown}
 h - 5 scrolls of identify {unknown}
 j - 4 scrolls of teleportation {unknown}
 t - a scroll of noise {unknown}
 u - a scroll of fear {unknown}
Potions
 a - a potion of lignification
 d - a potion of brilliance {unknown}
 i - 3 potions of curing {unknown}
 n - 3 potions of mutation {unknown}
 r - a potion of invisibility {unknown}
 s - a potion of ambrosia {unknown}
 v - a potion of attraction {unknown}
 x - a potion of resistance {unknown}
 z - a potion of heal wounds {unknown}


   Skills:
 - Level 1.0 Fighting
 - Level 2.0 Dodging
 + Level 6.0 Unarmed Combat
 - Level 2.0 Spellcasting
 - Level 10.0 Transmutations


You had 4 spell levels left.
You knew the following spells:

 Your Spells              Type           Power      Damage    Failure   Level
a - Beastly Appendage     Tmut           80%        N/A       2%          1
b - Spider Form           Tmut/Pois      21%        N/A       17%         3
c - Ice Form              Ice/Tmut       20%        N/A       43%         4

Your spell library contained the following spells:

 Spells                   Type           Power      Damage    Failure   Level
 Wereblood                Tmut           40%        N/A       3%          2
 Necrotise                Necr           4%         1d4       36%         1
 Lesser Beckoning         Tloc           2%         N/A       47%         2
 Gell's Gravitas          Tloc           1%         N/A       67%         3
 Teleport Other           Tloc           1%         N/A       67%         3
 Vampiric Draining        Necr           1%         2d6       67%         3
 Agony                    Necr           1%         N/A       100%        5


Dungeon Overview and Level Annotations

Branches:
Dungeon (7/15)
 Temple: D:4-7

Altars:
Fedhas

Shops:
D:3 =

Annotations:
D:4 1 runed translucent door, Crazy Yiuf


Innate Abilities, Weirdness & Mutations

You are a venomous arachnid creature.
You have venomous fangs.
You are tiny and dextrous.
Your spellcasting is less reliable in this form.
Your armour is entirely melded.
You are incapable of wielding weapons or throwing items.
You cannot wear most types of armour.
((You are amphibious.))
You can wear up to eight rings at the same time.
((Your skin changes colour to match your surroundings (Stealth+).))
((Your rubbery body absorbs attacks. (AC +1, EV +1)))
((You are camouflaged when in or above water. (Stealth+)))
((You have tentacles for arms and can constrict up to eight enemies at once.))


Message History

You constrict the orc warrior.
The orc warrior hits you with a +0 dire flail!
You are too injured to fight recklessly!
You are too injured to fight recklessly!
You are too injured to fight recklessly!
Casting: Ice Form (quite dangerous; 22% risk of failure)
Confirm with . or Enter, or press ? or * to list all spells.
The spell is quite dangerous to miscast (22% risk of failure)!
Continue anyway?
You miscast Ice Form.
You are very lightly contaminated with residual magic.
You are encased in ice!
You resist.
You constrict the orc warrior, but do no damage.
The orc warrior hits you with a +0 dire flail!
* * * LOW HITPOINT WARNING * * *
Okay, then.
You release your grip on the orc warrior.
Okay, then.
Aiming: Charm
Press: ? - help, Shift-Dir - straight line, f - orc warrior
Aim: an orc warrior, wielding a +0 dire flail and wearing a +0 plate armour (lightly wounded, chance to affect: 49%)
The orc warrior resists with some effort.
The orc warrior hits you with a +0 dire flail.
* * * LOW HITPOINT WARNING * * *
Aiming: Charm
Press: ? - help, Shift-Dir - straight line, f/p - orc warrior
Aim: an orc warrior, wielding a +0 dire flail and wearing a +0 plate armour (lightly wounded, chance to affect: 49%)
The orc warrior resists with some effort.
The now-empty wand crumbles to dust.
The orc warrior hits you but does no damage.
Okay, then.
Okay, then.
Casting: Ice Form (quite dangerous; 22% risk of failure)
Confirm with . or Enter, or press ? or * to list all spells.
You turn into a venomous arachnid creature.
The orc warrior completely misses you.
An orc warrior is nearby!
You hit the orc warrior but do no damage.
The orc warrior is lightly wounded.
The orc warrior hits you with a +0 dire flail!
You die...

## ## .. ...# .. .
..#. ##.#. ...#
....### #..# # #.))#
#..# ###.###o# #..#
.......s###..#
###..........#
####...###.#########
.......>..#........#
####...###)#######.#
##...)...## #.#
#.##...))## #.#
#.#.....).## #.#
.........<.###.###


You could see an orc warrior.

Vanquished Creatures
  Eustachio (D:5)
  2 ice beasts (D:5)
  A sky beast (D:6)
  2 black bears
  An ogre (D:6)
  A kobold brigand (D:7)
  2 scorpions
  A necrophage (D:4)
  3 killer bees (D:6)
  A howler monkey (D:5)
  3 jellies (D:6)
  2 hounds (D:5)
  A gnoll bouda (D:4)
  2 iguanas
  An orc wizard (D:5)
  12 adders
  8 gnolls
  A shadow imp (D:6)
  3 ufetubi
  3 worms
  A dart slug (D:2)
  14 orcs
  5 endoplasms
  7 giant cockroaches
  4 goblins
  3 hobgoblins
  2 quokkas (D:1)
  3 ball pythons
  5 bats
  4 frilled lizards
  10 kobolds
  2 rats
111 creatures vanquished.

Vanquished Creatures (others)
  3 fungi (D:3)
  8 plants (D:3)
11 creatures vanquished.

Grand Total: 122 creatures vanquished

Notes
Turn   | Place    | Note
-------+----------+-------------------------------------------
     0 | D:1      | Leeroy the Octopode Transmuter began the quest for the Orb.
     0 | D:1      | Reached XP level 1. HP: 13/13 MP: 3/3
   241 | D:1      | Reached XP level 2. HP: 18/18 MP: 5/5
   643 | D:2      | Reached XP level 3. HP: 23/23 MP: 6/6
  1500 | D:3      | Reached XP level 4. HP: 12/28 MP: 7/7
  1593 | D:3      | Reached skill level 3 in Transmutations
  1606 | D:3      | Learned a level 3 spell: Spider Form
  1757 | D:3      | Found Guakhlupi's Jewellery Shop.
  2040 | D:3      | Found a faded altar of an unknown god.
  3032 | D:4      | Reached skill level 4 in Transmutations
  3032 | D:4      | Reached XP level 5. HP: 33/33 MP: 8/8
  3047 | D:4      | Learned a level 4 spell: Ice Form
  3311 | D:4      | Found a runed translucent door.
  3312 | D:4      | Noticed Crazy Yiuf
  3561 | D:4      | Reached skill level 5 in Transmutations
  3598 | D:4      | Reached XP level 6. HP: 28/38 MP: 9/9
  4139 | D:5      | Entered Level 5 of the Dungeon
  4139 | D:5      | Noticed Eustachio
  4310 | D:5      | Reached skill level 6 in Transmutations
  4543 | D:5      | Reached XP level 7. HP: 15/43 MP: 10/10
  4686 | D:5      | Killed Eustachio
  4687 | D:5      | Reached skill level 7 in Transmutations
  5047 | D:5      | Reached skill level 8 in Transmutations
  5077 | D:5      | Reached XP level 8. HP: 33/48 MP: 11/11
  5245 | D:5      | Found a blossoming altar of Fedhas.
  5385 | D:6      | Reached skill level 9 in Transmutations
  5718 | D:6      | Reached skill level 10 in Transmutations
  5902 | D:6      | Reached skill level 5 in Unarmed Combat
  6166 | D:7      | Reached XP level 9. HP: 53/53 MP: 8/12
  6237 | D:7      | HP: 2/53 [orc warrior/+0 dire flail (6)]
  6240 | D:7      | Slain by an orc warrior

Illustrated notes

Levels and vault maps discovered:
D:1:      heliophobic_arrival_glass_houses, layout_loops_ring
D:2:      layout_basic, chequers_garden
D:3:      layout_loops_ring, shapermc_ecumenical_altar_mp_ritualfount,
          serial_shops, shop
D:4:      layout_basic, kennysheep_windowed_goal, uniq_crazy_yiuf_cottage
D:5:      layout_loops_ring, fedhas_ov_isle_minmay, dreamdust_princess_corridor,
          kennysheep_another_room, uniq_eustachio
D:6:      layout_rooms
D:7:      layout_loops_ring, minmay_temple_entry_antechambers, minivault_24,
          minmay_manual_monstrance

Skill      XL: |  1  2  3  4  5  6  7  8 |
---------------+-------------------------+-----
Unarmed Combat | 4 6 |  6.0
Transmutations | 4 5 6 8 10 | 10.0
Fighting       | |  1.0
Dodging        | |  2.0
Spellcasting   | |  2.0

Action                     |  1- 3 |  4- 6 |  7- 9 || total
---------------------------+-------+-------+-------++-------
  Melee: Unarmed           |    87 |   128 |   127 ||   342
         Constrict         |    20 |    27 |     6 ||    53
         Tentacles         |    11 |    28 |    13 ||    52
         Punch             |     3 |     3 |     2 ||     8
   Cast: Spider Form       |       |     8 |     3 ||    11
         Ice Form          |       |       |     8 ||     8
  Evoke: Wand              |       |       |     2 ||     2
   Stab: Sleeping          |     5 |     9 |     1 ||    15
         Distracted        |       |       |     1 ||     1
 Armour: Skin              |     8 |    20 |    58 ||    86
  Dodge: Dodged            |    44 |    85 |    86 ||   215

Table legend: (Time is in decaauts)
 A = Elapsed time spent in this place.
 B = Non-inter-level travel time spent in this place.
 C = Inter-level travel time spent in this place.
 D = Time resting spent in this place.
 E = Time spent auto-exploring this place.
 F = Levels seen in this place.
 G = Mean time per level.
                   A        B        C        D        E       F      G
               +--------+--------+--------+--------+--------+-----+--------+
         Total |   6213 |   5840 |    373 |    901 |   3992 |   7 |  887.6 |
       Dungeon |   6213 |   5840 |    373 |    901 |   3992 |   7 |  887.6 |
               +--------+--------+--------+--------+--------+-----+--------+

Top non-repeatable levels by time:
     D:3: 1404 daAuts
     D:4: 1264 daAuts
     D:5: 1224 daAuts
     D:2: 908 daAuts
     D:6: 775 daAuts
     D:1: 552 daAuts
     D:7: 84 daAuts
